AoeStats
← javierazanza90

Lombardia

507959074Analyzed
3v3 RM · 10d ago on Sep 20, 2026· 47m 8s· 6 players
Game mode
Random Map
Map size
Normal (6 player)
Population
200
Speed
Normal
Resources
Standard
Victory
Conquest
Starting age
Dark Age
Ending age
Imperial Age
RankedLock teamsTeams togetherTeam positionsShared explorationLock speedFull tech treeHidden civsTurbo modeCheats
Victory
Defeat
🇫🇷 Huns · France
788
+9
🇫🇷 Berbers · France
691
+12
🇳🇨 Franks · New Caledonia
663
+13
🇪🇸 Tupi · Spain
705
-14
🇪🇸 Cumans · Spain
567
-10
🇪🇸 Teutons · Spain
562
-10
GambitBoyNC
6:32 Loom
10:56 Feudal Age
11:46 Man-at-Arms
12:44 Arson
16:20 Wheelbarrow
15:33 Double-Bit Axe
16:18 Forging
17:10 Scale Mail Armor
17:49 Horse Collar
21:51 Gold Mining
24:43 Castle Age
24:04 Fletching
24:15 Padded Archer Armor
24:23 Scale Barding Armor
24:48 Long Swordsman
25:29 Squires
26:19 Pikeman
27:54 Hand Cart
27:24 Town Watch
28:56 Chain Mail Armor
29:17 Iron Casting
28:39 Bodkin Arrow
31:09 Town Patrol
32:55 Stone Mining
33:41 Gold Shaft Mining
33:19 Bow Saw
34:46 Caravan
35:27 Stone Shaft Mining
37:13 Fervor
37:33 Ballistics
36:54 Treadmill Crane
37:25 Masonry
37:11 Murder Holes
40:33 Imperial Age
40:39 Imperial Age
42:31 Chemistry
41:37 Siege Engineers
43:02 Blast Furnace
42:33 Plate Mail Armor
42:51 Conscription
42:32 Kasbah
42:33 Maghrebi Camels
43:38 Hoardings
43:30 Two-Handed Swordsman
44:32 Champion
jono
12:33 Feudal Age
13:31 Loom
14:16 Double-Bit Axe
17:52 Castle Age
17:57 Forging
18:05 Town Watch
19:13 Bow Saw
24:15 Wheelbarrow
25:29 Iron Casting
27:00 Town Patrol
27:16 Hand Cart
28:02 Fervor
30:05 Husbandry
35:22 Scale Barding Armor
36:48 Ballistics
36:26 Murder Holes
36:41 Masonry
36:12 Light Cavalry
41:04 Imperial Age
38:46 Gold Mining
39:42 Caravan
39:20 Pikeman
41:58 Cavalier
44:38 Blast Furnace
43:59 Chain Barding Armor
43:19 Capped Ram
45:05 Chemistry
44:35 Architecture
43:51 Arrowslits
47:06 Plate Barding Armor
46:15 Paladin
chazychaz
7:13 Loom
10:15 Feudal Age
12:47 Double-Bit Axe
16:11 Bloodlines
16:33 Horse Collar
18:27 Scale Barding Armor
24:02 Castle Age
25:22 Husbandry
25:50 Chain Barding Armor
32:44 Wheelbarrow
33:22 Forging
34:50 Iron Casting
35:23 Gold Mining
39:31 Gold Shaft Mining
39:24 Hand Cart
40:13 Town Watch
43:10 Imperial Age
41:45 Stone Mining
43:06 Pikeman
43:49 Heavy Plow
43:34 Cavalier
45:19 Blast Furnace
44:55 Plate Barding Armor
45:24 Bow Saw
44:47 Paladin
46:19 Conscription
46:03 Marauders
46:26 Atheism
46:08 Fletching
46:28 Sappers
46:22 Elite Tarkan
javierazanza90
0:30 Loom
15:04 Feudal Age
15:30 Man-at-Arms
16:11 Horse Collar
19:16 Wheelbarrow
18:41 Double-Bit Axe
22:34 Gold Mining
22:34 Stone Mining
23:10 Bloodlines
30:08 Castle Age
30:20 Long Swordsman
30:21 Pikeman
31:01 Squires
32:09 Light Cavalry
37:39 Steppe Husbandry
43:01 Imperial Age
40:49 Hand Cart
43:38 Gold Shaft Mining
43:10 Elite Steppe Lancer
lursua91
0:41 Loom
13:56 Feudal Age
14:28 Arson
17:13 Forging
17:04 Scale Mail Armor
17:43 Horse Collar
17:53 Double-Bit Axe
23:12 Wheelbarrow
26:20 Gold Mining
26:21 Stone Mining
31:46 Castle Age
34:40 Bow Saw
36:14 Iron Casting
35:30 Pikeman
37:57 Stone Shaft Mining
39:44 Squires
39:35 Gambesons
42:42 Chain Mail Armor
Daniel_AoE
2:17 Loom
10:55 Feudal Age
13:00 Champi Runner
13:56 Forging
23:08 Double-Bit Axe
23:19 Champi Runner
26:05 Scale Mail Armor
41:53 Castle Age
44:26 Crossbowman
46:21 Iron Casting
Connection lost

Rejoining the realm…

Still unreachable

The connection could not be restored.

Session expired

The server has moved on; the page needs a fresh start.